 Dungeon Crawl Stone Soup version 0.28.0-53-g5a82cb258f (webtiles) character file.

Game seed: 2664785822069927236

334 Ashen the Chiller (level 6, 0/61 HPs)
             Began as an Ogre Ice Elementalist on June 20, 2022.
             Slain by a killer bee (5 damage)
             ... on level 4 of the Dungeon.
             The game lasted 00:05:41 (3016 turns).

Ashen the Chiller (Ogre Ice Elementalist)           Turns: 3016, Time: 00:05:42

Health: 0/61       AC:  5    Str: 13    XL:     6   Next: 53%
Magic:  0/11       EV: 10    Int: 18    God:
Gold:   158        SH:  0    Dex:  9    Spells: 5/12 levels left

rFire   . . .      SeeInvis .   l - +0 whip (freeze)
rCold   . . .      Faith    .   (no shield)
rNeg    . . .      Spirit   .   a - +0 robe
rPois   .          Reflect  .   (helmet restricted)
rElec   .          Harm     .   i - +1 cloak
rCorr   .          Rampage  .   (gloves unavailable)
Will    .....                   (boots unavailable)
Stlth   ++........              (no amulet)
HPRegen 0.20/turn               (no ring)
MPRegen 0.12/turn               (no ring)

@: lethally poisoned (0 -> -7), freezing walls
A: large, unfitting armour, tough skin 1
a: no special abilities


You were on level 4 of the Dungeon.
You visited 1 branch of the dungeon, and saw 4 of its levels.

You collected 158 gold pieces.

Inventory:

Hand Weapons
 l - a +0 whip of freezing (weapon)
Armour
 a - a +0 robe (worn)
 i - a +1 cloak (worn)
Scrolls
 b - a scroll of identify
 c - a scroll of vulnerability {unknown}
 e - a scroll of fear {unknown}
 f - a scroll of holy word {unknown}
 g - a scroll of amnesia {unknown}
 m - 2 scrolls of teleportation {unknown}
 n - a scroll of noise {unknown}
Potions
 d - a potion of flight {unknown}
 h - a potion of curing
 j - a potion of degeneration {unknown}
 k - a potion of attraction {unknown}
 o - a potion of berserk rage {unknown}


   Skills:
 + Level 3.4 Fighting
 + Level 3.1 Dodging
 + Level 2.7 Stealth
 + Level 3.9 Spellcasting
 + Level 4.4 Ice Magic


You had 5 spell levels left.
You knew the following spells:

 Your Spells              Type           Power      Damage    Failure   Level
a - Freeze                Ice            76%        1d9       2%          1
b - Frozen Ramparts       Ice            38%        1d5       7%          3
c - Ozocubu's Armour      Ice            19%        N/A       7%          3

Your spell library contained the following spells:

 Spells                   Type           Power      Damage    Failure   Level
 Animate Skeleton         Necr           6%         N/A       16%         1
 Pain                     Necr           12%        1d4       16%         1
 Vampiric Draining        Necr           3%         2d6       41%         3
 Hailstorm                Conj/Ice       11%        3d5       52%         4


Dungeon Overview and Level Annotations

Branches:
Dungeon (4/15)
 Temple: D:4-7

Altars:
Fedhas
Zin

Annotations:
D:4 3 runed translucent doors, PentaManta's ghost, weakling MfTm


Innate Abilities, Weirdness & Mutations

You are too large for most types of armour.
You have tough skin. (AC +1)


Message History

Okay, then.
You feel very sick.
The killer bee buzzes angrily.
You feel very sick. The killer bee stings you.
You feel sick.
The orc shouts!
The killer bee barely misses you.
Found 14 gold pieces.
You feel sick. The killer bee barely misses you.
The killer bee stings you but does no damage.
You feel sick. The killer bee closely misses you.
The orc hits you with a +0 club. The killer bee stings you.
You feel sick. The killer bee barely misses you. The orc barely misses you.
The killer bee barely misses you. The killer bee stings you.
* * * LOW HITPOINT WARNING * * *
You feel better. The killer bee stings you.
You are poisoned.
The killer bee poisons you! The killer bee closely misses you.
The killer bee stings you.
* * * LOW HITPOINT WARNING * * *
The orc hits you but does no damage.
Unknown command.
Casting: Freeze (safe; 2% risk of failure)
Confirm with . or Enter, or press ? or * to list all spells.
Casting: Frozen Ramparts (dangerous; 7% risk of failure)
Press: ? - help, Dir - look around, f - activate The walls around you are covered in ice.
You feel very sick.
The wall freezes the killer bee.
The killer bee stings you.
* * * LOW HITPOINT WARNING * * *
The killer bee barely misses you. The killer bee stings you.
* * * LOW HITPOINT WARNING * * *
The wall freezes the killer bee.
The killer bee stings you but does no damage.
The orc hits you with a +0 club.
* * * LOW HITPOINT WARNING * * *
The killer bee closely misses you.
The wall freezes the killer bee but does no damage.
The killer bee stings you.
You die...

.. .......... ..
#.......$ .. ##
.......# ... .# ...
.......# ... .
....##.....###.#### .
...........##...#.# .
.......yy..#......# .
#@ohh.......##. .
#yyW........... .
#.............. ..
#.......#..........y.
#...###.##.##........
#.##........## ...y..
#.. ..........##...#
# ...
.......##......#.. ..
.......#.......#..


You could see a phantom, 4 killer bees, an orc and 2 jackals.

Vanquished Creatures
  An ogre (D:4)
  Blork the orc (D:4)
  2 orc priests (D:3)
  An orc wizard (D:3)
  Terence (D:2)
  A worm (D:2)
  A dart slug (D:2)
  8 orcs (D:3)
  5 endoplasms
  5 giant cockroaches
  8 goblins
  4 hobgoblins
  A quokka (D:3)
  10 ball pythons
  A bat (D:2)
  2 frilled lizards
  2 kobolds
  4 rats
58 creatures vanquished.

Notes
Turn   | Place    | Note
-------+----------+-------------------------------------------
     0 | D:1      | Ashen the Ogre Ice Elementalist began the quest for the
                  | Orb.
     0 | D:1      | Reached XP level 1. HP: 16/16 MP: 3/3
   147 | D:1      | Reached XP level 2. HP: 19/26 MP: 0/5
   660 | D:1      | Reached skill level 1 in Fighting
  1017 | D:2      | Noticed Terence
  1023 | D:2      | Killed Terence
  1024 | D:2      | Reached XP level 3. HP: 29/33 MP: 0/7
  1028 | D:2      | Learned a level 3 spell: Frozen Ramparts
  1032 | D:2      | Learned a level 3 spell: Ozocubu's Armour
  1422 | D:2      | Reached XP level 4. HP: 26/42 MP: 0/8
  1672 | D:2      | Found a faded altar of an unknown god.
  1907 | D:3      | Found a blossoming altar of Fedhas.
  2118 | D:3      | Found a glowing silver altar of Zin.
  2242 | D:3      | Reached skill level 4 in Ice Magic
  2318 | D:3      | Reached XP level 5. HP: 38/50 MP: 5/9
  2801 | D:4      | Noticed an ogre
  2813 | D:4      | Killed an ogre
  2814 | D:4      | Reached XP level 6. HP: 48/61 MP: 1/11
  2959 | D:4      | Found a runed translucent gate.
  2960 | D:4      | Found a runed translucent gate.
  2961 | D:4      | Found a runed translucent gate.
  2963 | D:4      | Noticed PentaManta's ghost (weakling MfTm)
  2990 | D:4      | Noticed Blork the orc
  3000 | D:4      | Killed Blork the orc
  3016 | D:4      | Slain by a killer bee

Illustrated notes

Levels and vault maps discovered:
D:1:      ncdulo_lavacross, layout_loops_ring, hex_medium, minivault_27
D:2:      layout_rooms, shapermc_ecumenical_altar_pompeii, minmay_cut_off,
          uniq_terence
D:3:      cheibrodos_pilgrimage, layout_basic, fedhas_altar_2,
          nicolae_overflow_hidden_temple, kennysheep_generic_room_8
D:4:      layout_cave_pools, gammafunk_ghost_split, uniq_blork_the_orc

Skill      XL: |  1  2  3  4  5 |
---------------+----------------+-----
Dodging        | 2 3 |  3.1
Fighting       | 1 2 3 |  3.4
Spellcasting   | 3 |  3.9
Stealth        | 2 |  2.7
Ice Magic      | 4 |  4.4

Action                   |  1- 3 |  4- 6 || total
-------------------------+-------+-------++-------
Melee: Unarmed           |    40 |     6 ||    46
       Punch             |     1 |     2 ||     3
       Whip              |       |    18 ||    18
 Cast: Freeze            |    42 |    31 ||    73
       Frozen Ramparts   |       |     8 ||     8
       Ozocubu's Armour  |       |     1 ||     1
  Use: Scroll            |       |     1 ||     1
       Potion            |       |     1 ||     1
Armor: Robe              |    21 |    22 ||    43
Dodge: Dodged            |    34 |    38 ||    72
